 Dungeon Crawl Stone Soup version 0.32-a0-471-gb91d5d9764 (webtiles) character file.

Game seed: 6208726671844747790

558 Ghalta the Trooper (level 7, -1/55 HPs)
             Began as a Mummy Fighter on Feb 25, 2024.
             Slain by a bombardier beetle (2 damage)
             ... on level 5 of the Dungeon.
             The game lasted 00:03:20 (2638 turns).

Ghalta the Trooper (Mummy Fighter)                  Turns: 2638, Time: 00:03:21

Health: -1/55      AC: 11    Str: 21    XL:     7   Next: 9%
Magic:  7/7        EV:  9    Int:  8    God:
Gold:   263        SH:  4    Dex: 11    Spells: 6/6 levels left

rFire   x . .        a - +0 war axe
rCold   + . .        c - +0 buckler
rNeg    + + +        b - +0 scale mail
rPois   ∞            e - +0 helmet
rElec   .            (no cloak)
rCorr   .            d - +2 pair of gloves
SInv    +            (no boots)
Will    .....        (no amulet) Stlth
                     j - ring of see invisible
HPRegen 0.29/turn    (no ring)
MPRegen 0.10/turn

%: faith
@: on fire, glowing
A: cold resistance 1, negative energy resistance 3, torment resistance 2, heat
vulnerability 1, in touch with death 1, no potions, faith
a: no special abilities


You were on level 5 of the Dungeon.
You visited 1 branch of the dungeon, and saw 5 of its levels.

You collected 263 gold pieces.

Inventory:

Hand Weapons
 a - a +0 war axe (weapon)
Armour
 b - a +0 scale mail (worn)
 c - a +0 buckler (worn)
 d - a +2 pair of gloves (worn)
 e - a +0 helmet (worn)
Jewellery
 j - a ring of see invisible (left hand)
 m - a ring of wizardry
Scrolls
 f - 2 scrolls of teleportation {unknown}
 g - a scroll of identify {unknown}
 h - a scroll of torment {unknown}
 i - 2 scrolls of enchant weapon {unknown}
 k - 2 scrolls of revelation {unknown}
 l - 2 scrolls of vulnerability {unknown}
 n - a scroll of poison {unknown}


   Skills:
 + Level 4.4 Fighting
 * Level 4.2 Axes
 + Level 3.7 Armour
 + Level 3.6 Shields


You had 6 spell levels left.
You didn't know any spells.
Your spell library contained the following spells:

 Spells                   Type           Power      Damage    Failure   Level
 Sting                    Conj/Alch      0%         1d3       82%         1
 Mercury Vapours          Alch/Air       0%         N/A       91%         2
 Olgreb's Toxic Radiance  Alch           0%         N/A       100%        4


Dungeon Overview and Level Annotations

Branches:
Dungeon (5/15)
 Temple: D:4-7

Altars:
Cheibriados
Okawaru
Wu Jian

Shops:
D:3 (


Innate Abilities, Weirdness & Mutations

You are immune to poison.
Your flesh is cold resistant. (rC+)
You are immune to negative energy. (rN+++)
You are immune to unholy pain and torment.
You are vulnerable to heat. (rF-)
You are in touch with the powers of death.
You do not drink.
You have a special connection with the divine. (Faith)


Message History

A bombardier beetle comes into view.
A bombardier beetle is nearby!
A bombardier beetle is nearby!
Found a stone staircase leading up.
The bombardier beetle sprays incendiary fluid at you.
The burning spray hits you.
You are covered in liquid fire!
You closely miss the bombardier beetle. The liquid fire burns you!
The bombardier beetle closely misses you.
You hit the bombardier beetle.
The bombardier beetle is lightly wounded.
The liquid fire burns you!
You barely miss the bombardier beetle.
The bombardier beetle is lightly wounded.
The liquid fire burns you!
You block the bombardier beetle's attack.
You slash the bombardier beetle!
The bombardier beetle is almost dead.
The liquid fire burns you!
You block the bombardier beetle's attack.
You closely miss the bombardier beetle.
The bombardier beetle is almost dead.
The liquid fire burns you!
* * * LOW HITPOINT WARNING * * *
The bombardier beetle sprays incendiary fluid at you.
The burning spray hits you.
You are even more covered in liquid fire!
Unknown command.
Unknown command.
You shake off some of the fire as you move.
The liquid fire burns you!
* * * LOW HITPOINT WARNING * * *
A centaur comes into view.
You shake off some of the fire as you move.
The liquid fire burns you!
* * * LOW HITPOINT WARNING * * *
The centaur shouts!
The bombardier beetle bites you.
You die...

########## #####
#.........
!...###########.........
...............B@.......
....####.....##.....<.c.
##### #..######.........
#######.## #.........
<.......# ##########
.######## .# .# .##


You could see a centaur and a bombardier beetle.

Vanquished Creatures
  Grinder (D:5)
  A water moccasin (D:5)
  A phantom (D:4)
  2 hounds
  2 iguanas (D:5)
  An adder (D:5)
  A ribbon worm (D:3)
  3 dart slugs
  7 ball pythons
  5 endoplasms
  5 giant cockroaches
  3 hobgoblins
  2 quokkas
  4 bats
  5 frilled lizards
  10 goblins
  7 kobolds
60 creatures vanquished.

Notes
Turn   | Place    | Note
-------+----------+-------------------------------------------
     0 | D:1      | Ghalta the Mummy Fighter began the quest for the Orb.
     0 | D:1      | Reached XP level 1. HP: 18/18 MP: 1/1
   107 | D:1      | Reached XP level 2. HP: 24/24 MP: 2/2
   568 | D:2      | Reached XP level 3. HP: 29/29 MP: 3/3
  1294 | D:3      | Found a faded altar of an unknown god.
  1398 | D:3      | Found Comaro Lopi's Weapon Shoppe.
  1653 | D:4      | Noticed a phantom
  1663 | D:4      | Reached XP level 4. HP: 28/35 MP: 4/4
  1672 | D:4      | Killed a phantom
  1673 | D:4      | Reached XP level 5. HP: 18/42 MP: 5/5
  1768 | D:4      | Noticed an ogre
  1772 | D:5      | Entered Level 5 of the Dungeon
  1886 | D:5      | Found a snail-covered altar of Cheibriados.
  1888 | D:5      | Noticed Grinder
  1908 | D:5      | Paralysed by Grinder for 4 turns
  1914 | D:5      | Killed Grinder
  1915 | D:5      | Reached XP level 6. HP: 22/48 MP: 6/6
  2020 | D:4      | HP: 2/48 [ogre/+0 giant club (28)]
  2205 | D:5      | Found an iron altar of Okawaru.
  2232 | D:5      | Noticed a water moccasin
  2246 | D:5      | Killed a water moccasin
  2247 | D:5      | Reached XP level 7. HP: 19/55 MP: 7/7
  2431 | D:5      | Found an ornate altar of the Wu Jian Council.
  2638 | D:5      | HP: 1/55 [burnt (3)]
  2638 | D:5      | Slain by a bombardier beetle

Illustrated notes

Levels and vault maps discovered:
D:1:      reono_arrival_forest_river, layout_rooms,
          minmay_misc_feat_four_crosses
D:2:      layout_rooms, st_stairs_9
D:3:      layout_rooms, serial_shops, nicolae_shop_crystal,
          hellmonk_ecumenical_altar_inner_sanctum
D:4:      layout_rooms, kennysheep_crisscross, minmay_manual_mail
D:5:      layout_rooms, okawaru_ov_weapons_minmay, nzn_wu_jian_contemplation,
          amcnicky_altar_gilded, uniq_grinder

Skill      XL: |  1  2  3  4  5  6 |
---------------+-------------------+-----
Axes           | 2 3 4 |  4.2
Armour         | 3 |  3.7
Shields        | 3 |  3.6
Fighting       | 4 |  4.4

Action                     |  1- 3 |  4- 6 |  7- 9 || total
---------------------------+-------+-------+-------++-------
  Melee: War axe           |   156 |    51 |    21 ||   228
 Armour: Scale mail        |   112 |    51 |    13 ||   176
  Dodge: Dodged            |    70 |    29 |     8 ||   107
  Block: Buckler           |    27 |     6 |     2 ||    35

Table legend: (Time is in decaauts)
 A = Elapsed time spent in this place.
 B = Non-inter-level travel time spent in this place.
 C = Inter-level travel time spent in this place.
 D = Time resting spent in this place.
 E = Time spent auto-exploring this place.
 F = Levels seen in this place.
 G = Mean time per level.
                   A        B        C        D        E       F      G
               +--------+--------+--------+--------+--------+-----+--------+
         Total |   2735 |   2609 |    126 |    478 |   1552 |   5 |  547.0 |
       Dungeon |   2735 |   2609 |    126 |    478 |   1552 |   5 |  547.0 |
               +--------+--------+--------+--------+--------+-----+--------+

Top non-repeatable levels by time:
     D:5: 849 daAuts
     D:1: 589 daAuts
     D:2: 557 daAuts
     D:3: 518 daAuts
     D:4: 219 daAuts
